Map: Tours du crépuscule

Players

FaloGalego - Winner!

  • Race: Zerg Zerg
  • League: Diamond

Worming

  • Race: Zerg Zerg
  • League: Diamond

VOD

Have the link to the VOD?

Description

Time

  • Played on: Nov. 14, 2015, 4:01 p.m.
  • Length: 18:03
Show
View Real Time Build Order
Export as new Build Order

FaloGalego Zerg - Winner!

Build Orders: Hatch First, Lurkers 

Get SALT Encoding   

  12  0:01  Drone  
  13  0:13  Overlord  
  13  0:18  Drone  
  14  0:30  Drone, Extractor  
  14  0:32  Drone  
  16  0:36  Drone  
  17  0:55  Hatchery  
  16  0:58  Drone  
  16  1:03  Extractor  
  16  1:08  Drone x2  
  18  1:21  Spawning Pool  
  18  1:24  Drone  
  18  1:30  Drone  
  19  1:39  Overlord  
  19  2:08  Zergling x6  
  22  2:09  Queen  
  22  2:10  Queen  
  22  2:13  Metabolic Boost  
  26  2:20  Drone  
  26  2:21  Drone  
  28  2:27  Drone  
  28  2:29  Drone  
  30  2:53  Drone  
  30  2:54  Drone x2  
  30  2:55  Overlord  
  33  3:02  Overlord  
  33  3:05  Drone  
  34  3:12  Drone x2  
  36  3:15  Queen  
  38  3:32  Extractor  
  38  3:33  Extractor  
  38  3:34  Drone x3, Extractor  
  35  3:35  Drone x4  
  42  3:47  Drone x2  
  44  3:59  Drone x2  
  44  4:01  Drone  
  47  4:06  Roach Warren  
  46  4:11  Drone  
  46  4:12  Lair  
  46  4:14  Drone  
  48  4:31  Evolution Chamber  
  47  4:32  Evolution Chamber  
  47  4:38  Zergling x6  
  47  4:39  Zergling x2  
  47  4:43  Zergling x6  
  49  4:45  Overlord  
  48  4:56  Zergling x8  
  50  5:18  Zergling x2  
  50  5:19  Zergling x10  
  56  5:23  Zerg Missile Weapons Level 1, Zerg Ground Armor Level 1  
  56  5:32  Overlord  
  56  5:33  Overlord  
  56  5:34  Hatchery  
  55  5:45  Roach x2  
  55  5:46  Roach  
  55  5:49  Overlord  
  57  6:07  Roach x6  
  67  6:11  Glial Reconstitution  
  67  6:17  Roach  
  67  6:18  Roach  
  71  6:22  Overseer  
  71  6:32  Roach  
  71  6:33  Roach x2  
  71  6:37  Overseer  
  75  6:49  Roach x2  
  75  6:50  Roach x5  
  85  6:55  Drone x2  
  85  6:56  Drone  
  88  7:06  Roach  
  90  7:17  Hydralisk Den  
  86  7:30  Burrow  
  86  7:33  Ravager x2  
  86  7:34  Ravager  
  86  7:35  Ravager  
  86  7:37  Overlord x3  
  90  7:39  Spore Crawler  
  90  7:40  Spore Crawler  
  90  7:41  Spore Crawler  
  87  7:45  Overlord x2  
  87  7:52  Roach  
  87  7:57  Overlord x2  
  61  8:06  Ravager x3  
  61  8:26  Hydralisk  
  61  8:27  Hydralisk x5  
  73  8:34  Hydralisk x2  
  77  8:42  Muscular Augments  
  77  8:46  Hydralisk  
  68  8:59  Hydralisk x3  
  74  9:08  Roach x2  
  72  9:18  Drone x5  
  77  9:27  Spore Crawler  
  77  9:28  Spore Crawler  
  77  9:30  Hydralisk  
  77  9:37  Overseer  
  77  9:41  Roach x2  
  81  9:50  Drone x5  
  86  9:56  Lurker Den  
  86  10:01  Drone x2  
  86  10:02  Drone  
  86  10:03  Drone  
  86  10:05  Drone  
  91  10:11  Roach x2  
  95  10:17  Drone x3  
  95  10:20  Extractor x2  
  96  10:22  Queen  
  96  10:28  Roach x2  
  102  10:37  Ravager  
  102  10:38  Ravager x2  
  105  10:48  Roach x2  
  105  10:49  Roach x2  
  113  11:02  Zerg Ground Armor Level 2  
  113  11:04  Zerg Missile Weapons Level 2  
  113  11:12  Drone x3  
  113  11:13  Infestation Pit  
  115  11:29  Overlord  
  115  11:30  Overlord x3  
  115  11:33  Extractor  
  115  11:41  Hatchery  
  114  11:47  Hydralisk x3  
  114  11:48  Hydralisk x2  
  120  11:59  Lurker x6  
  124  12:06  Queen  
  126  12:12  Hatchery  
  125  12:31  Hydralisk x6  
  125  12:32  Hydralisk  
  139  12:39  Hatchery  
  138  12:54  Overseer  
  138  12:56  Hydralisk x3  
  138  12:57  Hydralisk  
  146  12:59  Overlord x3  
  146  13:08  Overlord x3  
  146  13:41  Roach x9  
  137  13:42  Roach x3  
  139  13:53  Hive  
  137  14:01  Roach  
  137  14:02  Roach x5  
  137  14:07  Lurker  
  134  14:12  Roach x3  
  133  14:20  Lurker  
  133  14:21  Lurker  
  129  14:28  Hydralisk  
  129  14:29  Hydralisk x3  
  125  14:38  Hydralisk x3  
  117  14:46  Hydralisk x2  
  121  14:58  Hydralisk x3  
  119  15:02  Ravager x3  
  119  15:03  Ravager x2  
  124  15:07  Hydralisk  
  126  15:18  Hydralisk x2  
  126  15:19  Hydralisk  
  132  15:23  Hydralisk  
  134  15:41  Hydralisk x5  
  121  15:51  Roach x3  
  127  15:59  Drone x2  
  129  16:05  Hydralisk x2  
  133  16:14  Hydralisk x2  
  135  16:24  Overseer  
  108  16:42  Roach  
  108  16:43  Roach x5  
  101  17:00  Roach  
  113  17:01  Roach x5  
  106  17:12  Hydralisk x3  
  110  17:20  Extractor  
  110  17:21  Hatchery  
  108  17:23  Roach x4, Extractor  
  108  17:29  Spore Crawler, Extractor x2  
Show
View Real Time Build Order
Export as new Build Order

Worming Zerg 

Build Orders: Hatch First, Muta Ling Bane 

Get SALT Encoding   

  12  0:01  Drone  
  13  0:12  Overlord  
  13  0:17  Drone  
  14  0:30  Drone x2  
  16  0:36  Drone  
  17  0:52  Hatchery  
  17  0:55  Drone  
  17  1:04  Drone  
  17  1:05  Extractor  
  17  1:12  Drone  
  18  1:19  Spawning Pool  
  18  1:20  Drone  
  18  1:34  Drone  
  19  1:45  Drone  
  20  1:54  Overlord  
  20  2:05  Queen  
  20  2:06  Queen  
  20  2:07  Zergling x4  
  26  2:15  Drone  
  27  2:19  Drone  
  27  2:22  Metabolic Boost  
  28  2:28  Baneling Nest  
  28  2:29  Drone x2  
  29  2:49  Drone  
  29  2:50  Drone, Zergling x2  
  32  2:52  Drone  
  33  3:03  Overlord  
  33  3:04  Queen, Drone  
  36  3:12  Overlord  
  36  3:23  Drone x8  
  44  3:32  Drone, Evolution Chamber  
  44  3:35  Evolution Chamber  
  44  3:40  Overlord  
  44  3:41  Overlord  
  43  3:53  Overlord  
  43  3:54  Zergling x2  
  44  3:59  Zerg Melee Weapons Level 1  
  44  4:00  Zerg Ground Armor Level 1  
  44  4:03  Zergling x2  
  44  4:04  Zergling x10  
  44  4:07  Extractor  
  44  4:09  Extractor  
  48  4:19  Drone x2  
  48  4:20  Drone  
  48  4:21  Drone x3  
  48  4:22  Overlord  
  54  4:28  Overlord  
  54  4:29  Overlord  
  48  5:07  Zergling x16  
  48  5:10  Lair  
  52  5:16  Spine Crawler x2  
  52  5:21  Zergling x4, Hatchery  
  51  5:30  Hatchery  
  51  5:35  Zergling x4  
  52  5:40  Baneling x2  
  44  6:07  Zergling x14  
  44  6:08  Zergling x10  
  44  6:11  Zerg Melee Weapons Level 2, Zerg Ground Armor Level 2  
  54  6:32  Zergling x2  
  54  6:33  Zergling x8  
  58  6:40  Spire  
  58  6:44  Baneling x3  
  56  6:47  Hatchery  
  52  6:54  Drone x5  
  52  6:55  Drone x2  
  59  7:03  Zergling x2  
  59  7:04  Zergling x8  
  64  7:13  Zergling x4  
  64  7:14  Zergling x4  
  65  7:25  Zergling x12  
  68  7:31  Zergling x4  
  70  7:43  Baneling  
  70  7:44  Baneling, Overlord  
  68  7:54  Mutalisk  
  68  7:55  Mutalisk x6  
  60  8:11  Zergling x8  
  60  8:12  Zergling x12  
  69  8:17  Zerg Flyer Weapons Level 1  
  69  8:30  Zergling x4  
  69  8:31  Zergling x2  
  66  8:35  Drone x8  
  74  8:48  Extractor  
  69  8:57  Overseer  
  68  9:03  Drone x3  
  68  9:05  Infestation Pit  
  63  9:10  Zergling x24  
  63  9:15  Centrifical Hooks  
  74  9:22  Pneumatized Carapace  
  74  9:26  Overlord x3  
  66  9:44  Baneling x5  
  66  9:47  Baneling x2  
  66  9:51  Extractor x2  
  66  9:52  Hatchery  
  63  9:54  Spine Crawler x2  
  61  10:05  Hive  
  61  10:14  Drone x2  
  61  10:15  Drone x4  
  65  10:32  Drone x4  
  65  10:33  Drone  
  70  10:44  Mutalisk x5  
  80  10:52  Pathogen Glands  
  80  10:55  Infestor x3  
  86  11:00  Zergling x12  
  86  11:01  Zergling x2  
  93  11:12  Zergling x6  
  96  11:36  Overseer  
  96  11:41  Overlord  
  96  11:42  Overlord x2  
  96  11:44  Ultralisk Cavern, Zerg Ground Armor Level 3, Zerg Melee Weapons Level 3  
  96  11:46  Zergling x12  
  90  12:02  Adrenal Glands  
  90  12:29  Overlord x2  
  90  12:30  Chitinous Plating, Zergling x2  
  90  12:32  Ultralisk  
  90  12:33  Zergling x2, Ultralisk  
  90  12:34  Zergling x12  
  90  12:35  Drone x2  
  112  12:37  Extractor  
  112  12:39  Extractor  
  110  12:47  Drone x3  
  110  12:48  Drone x3  
  116  12:52  Overlord  
  116  13:03  Ultralisk  
  116  13:18  Ultralisk  
  122  13:23  Overseer  
  122  13:24  Overlord  
  122  13:28  Ultralisk  
  92  13:50  Ultralisk x2  
  92  13:52  Zergling x4  
  92  13:53  Zergling x4  
  90  14:04  Mutalisk  
  90  14:05  Zergling x6  
  79  14:37  Drone x6  
  70  14:48  Ultralisk x2  
  70  14:49  Zergling x4  
  71  15:03  Overseer  
  69  15:09  Infestor x3  
  69  15:10  Infestor  
  66  15:50  Zergling x4, Ultralisk x2  
  66  15:51  Zergling x4  
  66  15:55  Overseer  
  69  16:00  Zergling x6  
  41  17:07  Hatchery  
  40  17:13  Ultralisk  
  34  17:18  Infestor x2  
  34  17:19  Infestor  
  37  17:46  Overseer  
Tags
 
Add a new tag
Caveats
  • Supply blocks, unpowered buildings, or Contaminate may cause inaccurate times.
  • Supply counts are checked every 10 seconds.